 Dungeon Crawl Stone Soup version 0.15-a0-1675-g4580af5 (console) character file.

1651 worldstar the Grappler (level 9, -5/43 HPs)
             Began as a Vine Stalker Monk on June 23, 2014.
             Was an Elder of Cheibriados.
             Slain by a gnoll sergeant
             ... wielding a +2 trident of freezing
              (6 damage)
             ... on Level 7 of the Dungeon on June 24, 2014.
             The game lasted 00:12:56 (2417 turns).

worldstar the Grappler (Vine Stalker Monk)          Turns: 2417, Time: 00:12:56

HP  -5/43        AC  8     Str 27      XL: 9   Next:  0%
MP   0/18        EV 16     Int 19      God: Cheibriados [****..]
Gold 255         SH  0     Dex 25      Spells:  0 memorised,  8 levels left

rFire  . . .     SeeInvis .       - Unarmed
rCold  . . .     Clarity  .     g - +2 ring mail
rNeg   . . .     rCorr    .     (no shield)
rPois  .         rRot     +     (no helmet)
rElec  .         Spirit   +     (no cloak)
SustAb .         Warding  .     m - +0 pair of gloves
rMut   .         Stasis   .     (no boots)
Gourm  .                        u - amulet of faith
MR     +....                    (no ring)
                                q - ring of flight

@: very slow, somewhat resistant to hostile enchantments, unstealthy
A: fangs 3, regeneration 2, magic shield, antimagic bite, no device heal 3, rot
immunity
a: Bend Time, Temporal Distortion, Slouch, Renounce Religion, Evoke Flight


You were on level 7 of the Dungeon.
You worshipped Cheibriados.
Cheibriados was greatly pleased with you.
You were hungry.

You visited 1 branch of the dungeon, and saw 7 of its levels.

You collected 255 gold pieces.

Inventory:

Hand weapons
 e - a +0 dagger of venom
 H - a +0 dagger of holy wrath
Armour
 a - the -2 chain mail of the Cuttlefish {rPois rF++ Slay+3 Curse}
   (You found it on level 4 of the Dungeon)

   It affects your accuracy and damage with ranged weapons and melee attacks
   (+3).
   It greatly protects you from fire.
   It protects you from poison.
   It may recurse itself when equipped.
 g - a +2 ring mail (worn)
 h - a +0 buckler
 m - a +0 pair of gloves (worn)
 D - a +0 shield
Comestibles
 b - 2 bread rations
 l - 11 fruits
 s - a meat ration
 z - a beef jerky
 B - a royal jelly
Scrolls
 c - a scroll of fog {unknown}
 d - a scroll of amnesia {unknown}
 f - 2 scrolls of teleportation {unknown}
 k - 2 scrolls of enchant weapon {unknown}
 n - 3 scrolls of recharging {unknown}
 p - 3 scrolls of remove curse
 t - a scroll of noise {unknown}
 w - a scroll of fear {unknown}
 E - a scroll of random uselessness {unknown}
 G - a scroll of enchant armour {unknown}
Jewellery
 q - a ring of flight (left hand)
 u - an amulet of faith (around neck)
 y - an uncursed amulet of resist mutation {unknown}
Potions
 i - 3 potions of curing
 j - 2 potions of restore abilities
 o - a potion of might
 r - 2 potions of cure mutation
 x - 2 potions of lignification {unknown}
Books
 A - a book of Geomancy

   Spells                             Type                      Level
   Sandblast                          Earth                        1
   Stoneskin                          Transmutation/Earth          2
   Passwall                           Transmutation/Earth          3
   Stone Arrow                        Conjuration/Earth            3
   Petrify                            Transmutation/Earth          4
   Lee's Rapid Deconstruction         Earth                        5


   Skills:
 - Level 2.6 Fighting
 * Level 5.7 Dodging
 - Level 2.4 Stealth
 + Level 9.2 Unarmed Combat
 + Level 3.6 Invocations


You had 8 spell levels left.
You didn't know any spells.

Dungeon Overview and Level Annotations

Branches:
Dungeon (7/15)             Temple (0/1) D:5

Altars:
Cheibriados
Gozag
Kikubaaqudgha
Sif Muna
Xom


Innate Abilities, Weirdness & Mutations

You have razor-sharp teeth.
You heal very quickly.
When hurt, damage is shared between your health and your magic reserves.
Your bite disrupts and absorbs the magic of your enemies.
Potions and wands cannot restore your health.
You are immune to rotting.


Message History

The flow of time bends around you.
Cheibriados rebukes the gnoll sergeant.
The gnoll sergeant seems to slow down.
You feel slightly more hungry.
You feel sick.
The gnoll sergeant hits you with a trident of freezing!
* * * LOW HITPOINT WARNING * * *
The gnoll sergeant freezes you.
* * * LOW HITPOINT WARNING * * *
Press: ? - help, v - describe, . - travel
Here: a gnoll sergeant, wielding a trident of freezing, wearing a ring mail and wearing a shield (slow)
The floor.
Unknown command.
Drink which item? (? for menu, Esc to quit)
You feel better.
You hit the gnoll sergeant but do no damage.
You bite the gnoll sergeant, but do no damage.
The gnoll sergeant hits you with a trident of freezing!
* * * LOW HITPOINT WARNING * * *
The gnoll sergeant freezes you.
You die...

#######... #............
#.............
#..............
#..............
#......#.......
#......#.......
############g.....#.......
.!.......@ggg.....'.......
############......#g%.....
########............#.......
#...................#.......
#...................#gg.g...
#.............#####.#.g.....
#........%....### #.#......
#######.........# #.#.....
#.#.#<....# #.###


You could see a gnoll sergeant and 3 gnolls.

Vanquished Creatures
  A hill giant skeleton (D:7)
  An ice beast (D:4)
  An orc warrior (D:7)
  3 ogres
  A centaur (D:7)
  Blork the orc (D:7)
  A gnoll sergeant (D:6)
  A hippogriff zombie (D:6)
  A scorpion (D:4)
  3 orc priests
  3 goliath beetles
  4 crimson imps
  2 hounds
  5 orc wizards
  2 worker ants
  An iguana (D:6)
  A big kobold zombie (D:5)
  Ijyb (D:7)
  4 adders
  10 gnolls (D:6)
  A giant mite (D:7)
  A worm (D:2)
  A giant gecko (D:4)
  15 orcs
  A ball python (D:3)
  5 bats
  3 giant cockroaches
  6 goblins
  8 hobgoblins
  4 giant newts
  A goblin skeleton (D:4)
  4 kobolds
  A kobold zombie (D:5)
  5 rats
  A rat zombie (D:4)
104 creatures vanquished.

Vanquished Creatures (others)
  A centaur (D:5)
  A scorpion (D:5)
  A hound (D:5)
  A gnoll (D:5)
  An orc (D:5)
  A hobgoblin (D:5)
  A goblin (D:5)
  A hobgoblin skeleton (D:5)
8 creatures vanquished.

Grand Total: 112 creatures vanquished

Notes
Turn   | Place    | Note
--------------------------------------------------------------
     0 | D:1      | worldstar, the Vine Stalker Monk, began the quest for the Orb.
     0 | D:1      | Reached XP level 1. HP: 11/11 MP: 1/1
   150 | D:2      | Reached XP level 2. HP: 13/16 MP: 3/3
   466 | D:3      | Reached XP level 3. HP: 19/19 MP: 4/4
   541 | D:3      | Reached skill level 5 in Unarmed Combat
   671 | D:4      | Noticed an ogre
   692 | D:4      | Killed an ogre
   692 | D:4      | Reached skill level 6 in Unarmed Combat
   692 | D:4      | Reached XP level 4. HP: 15/23 MP: 5/5
   805 | D:4      | Reached XP level 5. HP: 17/27 MP: 7/7
   864 | D:4      | Got a smoking chain mail
   911 | D:4      | Noticed an ice beast
   924 | D:4      | Killed an ice beast
   924 | D:4      | Reached skill level 7 in Unarmed Combat
   924 | D:4      | Gained mutation: You heal very quickly. [vine stalker growth]
   924 | D:4      | Reached XP level 6. HP: 21/32 MP: 4/8
  1026 | D:4      | Noticed an ogre
  1039 | D:4      | Killed an ogre
  1129 | D:5      | Entered Level 5 of the Dungeon
  1138 | D:5      | Reached skill level 8 in Unarmed Combat
  1155 | D:5      | Found a deep blue altar of Sif Muna.
  1163 | D:5      | Found an ancient bone altar of Kikubaaqudgha.
  1166 | D:5      | Found an opulent altar of Gozag.
  1183 | D:5      | Found a snail-covered altar of Cheibriados.
  1187 | D:5      | Became a worshipper of Cheibriados the Contemplative
  1208 | D:5      | Reached skill level 1 in Invocations
  1208 | D:5      | Reached XP level 7. HP: 31/35 MP: 8/10
  1470 | D:5      | Found a shimmering altar of Xom.
  1481 | D:4      | Noticed a scorpion
  1486 | D:4      | Killed a scorpion
  1516 | D:5      | Found a staircase to the Ecumenical Temple.
  1811 | D:6      | Acquired Cheibriados' first power
  1858 | D:6      | Gained mutation: You have razor-sharp teeth. [vine stalker growth]
  1858 | D:6      | Reached XP level 8. HP: 34/39 MP: 14/16
  2037 | D:7      | Acquired Cheibriados' second power
  2116 | D:7      | Identified the cursed -2 chain mail of the Cuttlefish {rPois rF++ Slay+3 Curse} (You found it on level 4 of the Dungeon)
  2140 | D:7      | Reached skill level 5 in Dodging
  2140 | D:7      | Reached skill level 9 in Unarmed Combat
  2151 | D:7      | Noticed Blork the orc
  2157 | D:7      | Killed Blork the orc
  2393 | D:7      | Noticed Ijyb
  2413 | D:7      | Killed Ijyb
  2413 | D:7      | Reached XP level 9. HP: 20/43 MP: 9/18
  2417 | D:7      | HP: 1/43 [gnoll sergeant/trident of freezing (8)]
  2417 | D:7      | Slain by a gnoll sergeant

Action                   |  1- 3 |  4- 6 |  7- 9 || total
-------------------------+-------+-------+-------++-------
Melee: Unarmed           |    61 |    89 |   172 ||   322
Invok: Bend Time         |       |       |     4 ||     4
Evoke: Wand              |       |       |     1 ||     1
  Use: Scroll            |       |       |     9 ||     9
       Potion            |       |       |     1 ||     1
 Stab: Sleeping          |     1 |       |     5 ||     6
